 Seeded DCSS version 0.30.1-4-g462c640d31 (webtiles) character file.

Game seed: 15660985446129201502 (custom seed)

1070 AccursedSamuel the Carver (level 8, -1/48 HPs)
             Began as a Tengu Monk on Sept 12, 2023.
             Slain by an iguana (9 damage)
             ... on level 5 of the Dungeon.
             The game lasted 00:08:25 (3975 turns).

AccursedSamuel the Carver (Tengu Monk)              Turns: 3975, Time: 00:08:26

Health: -1/48      AC: 14    Str: 14    XL:     8   Next: 28%
Magic:  9/9        EV: 10    Int: 15    God:
Gold:   310        SH:  0    Dex: 18    Spells: 7/7 levels left

rFire   . . .        e - +3 double sword "Jity" {holy, rPois Int+4 Dex+2}
rCold   + . .        d - orb {light}
rNeg    . . .        i - +2 chain mail {rC+}
rPois   +            (helmet restricted)
rElec   .            (no cloak)
rCorr   .            (no gloves)
SInv    .            (boots unavailable)
Will    .....        (no amulet) Stlth
                     o - +4 ring of protection
HPRegen 0.28/turn    (no ring)
MPRegen 0.11/turn

%: no passive effects
@: marked, flying quickly and evasively, glowing, quick
A: beak, talons 3, nimble flight
a: no special abilities


You were on level 5 of the Dungeon.
You visited 1 branch of the dungeon, and saw 5 of its levels.

You collected 310 gold pieces.

Inventory:

Hand Weapons
 e - the +3 double sword "Jity" (weapon) {holy, rPois Int+4 Dex+2}
   (You acquired it on level 1 of the Dungeon)

   Int:       It affects your intelligence (+4).
   Dex:       It affects your dexterity (+2).
   rPois:     It protects you from poison.
 f - a +2 dagger of flaming
Armour
 b - a +1 robe
 d - an orb of light (worn)
 g - a +0 helmet
 i - a +2 chain mail of cold resistance (worn)
Jewellery
 o - a +4 ring of protection (left hand)
Wands
 h - a wand of iceblast (2)
Scrolls
 a - a scroll of blinking (quivered)
 k - a scroll of enchant armour
 n - 6 scrolls of teleportation
Potions
 c - a potion of ambrosia
 j - a potion of haste {unknown}
 l - a potion of magic


   Skills:
 + Level 4.9 Fighting
 + Level 8.8 Long Blades
 + Level 5.2 Dodging
 + Level 2.0 Stealth


You had 7 spell levels left.
You didn't know any spells.
Your spell library contained the following spells:

 Spells                   Type           Power      Damage    Failure   Level
 Cigotuvi's Dreadful Rot  Necr/Pois/Air  0%         N/A       100%        2
 Lesser Beckoning         Tloc           0%         N/A       100%        2
 Gell's Gravitas          Tloc           0%         N/A       100%        3
 Ignite Poison            Fire/Tmut/Pois 0%         N/A       100%        3
 Teleport Other           Tloc           0%         N/A       100%        3
 Dispel Undead            Necr           0%         3d6       100%        4
 Sticky Flame             Conj/Fire      0%         2d3       100%        4
 Death Channel            Necr           0%         N/A       100%        6
 Ignition                 Fire           0%         3d3       100%        8


Dungeon Overview and Level Annotations

Branches:
Dungeon (5/15)
 Temple: D:4-7

Altars:
Wu Jian


Innate Abilities, Weirdness & Mutations

You have a beak for a mouth.
You have claws for feet.
Your magical nature lets you fly swiftly and evasively.


Message History

The ufetubus attacks as you move away!
The ufetubus hits you but does no damage.
The ufetubus closely misses you.
You barely miss the ufetubus.
You claw the ufetubus, but do no damage.
You peck the ufetubus, but do no damage.
The ufetubus closely misses you. The ufetubus barely misses you.
The iguana closely misses you. The ufetubus barely misses you.
The ufetubus hits you.
You barely miss the ufetubus. You claw the ufetubus!
You kill the ufetubus!
The iguana bites you but does no damage.
The iguana bites you.
You closely miss the shadow imp. Your kick misses the shadow imp.
The iguana bites you. The iguana barely misses you.
The shadow imp barely misses you.
An orc comes into view. It is wielding a +0 whip.
You slash the iguana! You claw the iguana, but do no damage.
You peck the iguana.
The iguana is almost dead.
The iguana bites you. x2
The shadow imp hits you but does no damage.
You slash the shadow imp!
The shadow imp convulses.
You kill the shadow imp!
A shadow imp comes into view.
The iguana closely misses you. x2
You hit the iguana but do no damage.
The iguana is almost dead.
The iguana bites you! x2
* * * LOW HITPOINT WARNING * * *
You slash the iguana!
You kill the iguana!
The iguana bites you but does no damage.
Unknown command.
Found a scale mail.
You see here an iguana corpse.
You hit the iguana but do no damage. You claw the iguana.
The iguana is moderately wounded.
The iguana bites you!
You die...

..............#
....#.........## #..#
..##...........# ...#
.......#.......## ..###[
##....###...)...##......
##...# #.......#.......
#.....#.....o.........
#............(.......#
...#......5..l@..#.
#..#####.##......#...#
#.. #..##......# #.P
#.####...... #. ###
#....# ....# ......
.....#


You could see an iguana, a shadow imp and an orc.

Vanquished Creatures
  Sigmund (D:4)
  Edmund (D:5)
  An ogre (D:5)
  2 scorpions
  2 hounds
  3 quasits (D:5)
  Crazy Yiuf (D:2)
  3 orc priests
  2 iguanas
  Jessica (D:2)
  A sleepcap (D:5)
  Ijyb (D:4)
  3 adders
  2 shadow imps (D:5)
  2 white imps (D:5)
  5 ufetubi
  A worm (D:4)
  4 dart slugs
  9 orcs
  9 endoplasms
  2 giant cockroaches (D:2)
  8 goblins
  9 hobgoblins
  6 kobolds
  6 quokkas
  6 ball pythons
  3 bats
  7 frilled lizards
  8 rats
  A spectral kobold (D:2)
110 creatures vanquished.

Notes
Turn   | Place    | Note
-------+----------+-------------------------------------------
     0 | D:1      | AccursedSamuel the Tengu Monk began the quest for the Orb.
     0 | D:1      | Reached XP level 1. HP: 14/14 MP: 2/2
   113 | D:1      | Reached XP level 2. HP: 19/19 MP: 3/3
   134 | D:1      | Identified a scroll of acquirement
   134 | D:1      | Acquired the +3 double sword "Jity" {holy, rPois Int+4
                  | Dex+2}
   561 | D:1      | Reached XP level 3. HP: 23/23 MP: 4/4
  1005 | D:2      | Reached skill level 4 in Long Blades
  1017 | D:2      | Found a faded altar of an unknown god.
  1132 | D:2      | Found a runed translucent door.
  1133 | D:2      | Noticed Crazy Yiuf
  1310 | D:2      | Noticed Jessica
  1315 | D:2      | Killed Jessica
  1316 | D:2      | Reached XP level 4. HP: 21/29 MP: 5/5
  1616 | D:2      | Killed Crazy Yiuf
  1617 | D:2      | Gained mutation: Your magical nature lets you fly swiftly
                  | and evasively. [Tengu growth]
  1617 | D:2      | Reached XP level 5. HP: 16/33 MP: 6/6
  1774 | D:3      | Reached skill level 5 in Long Blades
  2246 | D:3      | Found an ornate altar of the Wu Jian Council.
  2581 | D:4      | Reached skill level 1 in Stealth
  2581 | D:4      | Reached XP level 6. HP: 35/38 MP: 7/7
  2692 | D:4      | Reached skill level 6 in Long Blades
  2991 | D:4      | Noticed Sigmund
  2992 | D:4      | Noticed Ijyb
  2996 | D:4      | Killed Sigmund
  2997 | D:4      | Reached skill level 7 in Long Blades
  2997 | D:4      | Reached XP level 7. HP: 41/44 MP: 8/8
  3001 | D:4      | Killed Ijyb
  3725 | D:5      | Entered Level 5 of the Dungeon
  3726 | D:5      | Noticed Edmund
  3736 | D:5      | Killed Edmund
  3887 | D:5      | Reached skill level 8 in Long Blades
  3895 | D:5      | Reached XP level 8. HP: 45/48 MP: 9/9
  3950 | D:5      | Reached skill level 5 in Dodging
  3975 | D:5      | Slain by an iguana

Illustrated notes

Levels and vault maps discovered:
D:1:      minmay_arrival_pointy, layout_loops_ring, minmay_gold_behind_fungi
D:2:      layout_basic, dreamdust_ecumenical_altar_drowned_temple,
          hangedman_decor_clover_reticule, fountainhead,
          uniq_crazy_yiuf_cottage, uniq_jessica
D:3:      layout_loops_ring, general_overflow_altar, serial_bayou_pond_d
D:4:      layout_basic, nicolae_eternal_life, uniq_ijyb, uniq_sigmund
D:5:      layout_layer_cave, mainiacjoe_overflow_small_starburst,
          elyvilon_altar_1, serial_demonic, serial_demonic_e, serial_demonic_b,
          serial_demonic_e, serial_demonic_a, serial_demonic_e,
          serial_demonic_e, serial_demonic_g, serial_demonic_a,
          serial_demonic_d, serial_demonic_g, uniq_edmund

Skill      XL: |  1  2  3  4  5  6  7  8 |
---------------+-------------------------+-----
Long Blades    | 4 5 7 8 |  8.8
Dodging        | 4 5 |  5.2
Fighting       | 4 |  4.9
Stealth        | 1 2 |  2.0

Action                     |  1- 3 |  4- 6 |  7- 9 || total
---------------------------+-------+-------+-------++-------
  Melee: Falchion          |    14 |       |       ||    14
         Kick              |     6 |    14 |    16 ||    36
         Peck              |     6 |     8 |     8 ||    22
         Double sword      |    42 |    63 |    50 ||   155
    Use: Scroll            |     2 |     5 |     2 ||     9
         Potion            |     1 |     4 |       ||     5
 Armour: Robe              |    11 |    15 |     3 ||    29
         Chain mail        |       |       |    42 ||    42
  Dodge: Dodged            |    52 |    50 |    57 ||   159
